 Dungeon Crawl Stone Soup version 0.30-a0-634-g8abc85282e (webtiles) character file.

Game seed: 39237349164847848

57 Sabo the Conjurer (level 4, 0/27 HPs)
             Began as an Octopode Conjurer on Jan 14, 2023.
             Slain by a goblin
             ... wielding a +0 club
             ... led by Robin
              (3 damage)
             ... on level 2 of the Dungeon.
             The game lasted 00:13:57 (2308 turns).

Sabo the Conjurer (Octopode Conjurer)               Turns: 2308, Time: 00:13:57

Health: 0/27       AC:  1    Str:  6    XL:     4   Next: 0%
Magic:  0/7        EV: 13    Int: 22    God:
Gold:   82         SH:  0    Dex: 10    Spells: 4/7 levels left

rFire   . . .      SeeInvis .    f - +0 war axe
rCold   . . .      Faith    .    (no shield)
rNeg    . . .      Spirit   .    (helmet restricted)
rPois   .          Reflect  .    (no amulet)
rElec   .          Harm     .    (no ring)
rCorr   .          Rampage  .    (no ring)
Will    .....                    (no ring)
Stlth   +++                      (no ring)
HPRegen 0.24/turn                (no ring)
MPRegen 0.10/turn                (no ring)
                                 (no ring)
                                 (no ring)

@: no status effects
A: almost no armour, amphibious, 8 rings, camouflage 1, gelatinous body 1,
(nimble swimmer 1), tentacles
a: no special abilities


You were on level 2 of the Dungeon.
You visited 1 branch of the dungeon, and saw 2 of its levels.

You collected 82 gold pieces.

Inventory:

Hand Weapons
 f - a +0 war axe (weapon)
 g - a +1 sling of draining
Missiles
 c - 8 poisoned darts (quivered)
Scrolls
 e - 3 scrolls of teleportation
 h - a scroll of amnesia {unknown}
 i - a scroll of noise {unknown}
 k - a scroll of brand weapon {unknown}
 l - a scroll of silence {unknown}
 m - a scroll of identify {unknown}
Potions
 a - a potion of magic
 b - a potion of attraction {unknown}
 d - 2 potions of heal wounds {unknown}
 j - a potion of berserk rage {unknown}


   Skills:
 + Level 0.3 Axes
 + Level 2.1 Dodging
 + Level 2.8 Stealth
 + Level 2.3 Spellcasting
 + Level 5.1 Conjurations


You had 4 spell levels left.
You knew the following spells:

 Your Spells              Type           Power      Damage    Failure   Level
a - Magic Dart            Conj           100%       1d8       1%          1
b - Searing Ray           Conj           50%        2d6       2%          2

Your spell library contained the following spells:

 Spells                   Type           Power      Damage    Failure   Level
 Dazzling Flash           Conj/Hex       26%        N/A       14%         3
 Ignite Poison            Fire/Tmut/Pois 2%         N/A       38%         3
 Fulminant Prism          Conj/Hex       6%         3d7       43%         4
 Iskenderun's Mystic Bla  Conj/Tloc      13%        2d5       43%         4
 Sticky Flame             Conj/Fire      13%        2d4       43%         4
 Iskenderun's Battlesphe  Conj           25%        2d8       41%         5
 Iron Shot                Conj/Erth      6%         9d2       100%        6
 Spellforged Servitor     Conj/Summ      6%         N/A       100%        7
 Ignition                 Fire           1%         3d3       100%        8


Dungeon Overview and Level Annotations

Branches:
Dungeon (2/15)

Altars:


Innate Abilities, Weirdness & Mutations

You cannot wear most types of armour.
You are amphibious.
You can wear up to eight rings at the same time.
Your skin changes colour to match your surroundings (Stealth+).
Your rubbery body absorbs attacks. (AC +1, EV +1)
((You are camouflaged when in or above water. (Stealth+)))
You have tentacles for arms and can constrict up to eight enemies at once.


Message History

You closely miss the goblin. You grab the goblin.
You constrict the goblin, but do no damage.
The endoplasm jiggles.
The goblin hits you with a +0 club.
You slash the goblin!
You kill the goblin!
The goblin shoots a sling bullet.
The sling bullet hits you but does no damage.
The goblin shoots a sling bullet.
The sling bullet barely misses you.
Casting: Searing Ray (safe; 2% risk of failure)
Confirm with . or Enter, or press ? or * to list all spells.
Aiming: Searing Ray (safe; 2% risk of failure)
Press: ? - help, Shift-Dir - straight line, f - endoplasm
Aim: an endoplasm (98% to hit)
The searing ray hits the endoplasm!
You kill the endoplasm!
The searing ray hits the goblin.
The goblin is heavily wounded. (Press . to maintain the ray.)
The goblin shoots a sling bullet.
The sling bullet hits you!
* * * LOW HITPOINT WARNING * * *
The goblin shoots a sling bullet.
The sling bullet closely misses you.
You have reached level 4!
The goblin unwields a +0 sling.
The goblin wields a +0 club.
The goblin hits you with a +0 club.
* * * LOW HITPOINT WARNING * * *
The goblin unwields a +0 sling.
The goblin wields a +0 club.
The goblin barely misses you.
Items here: ))) †††.
You miss the goblin. Your grab misses the goblin.
Your squeeze misses the goblin.
The goblin is heavily wounded.
You barely miss the goblin. The goblin closely misses you.
The goblin barely misses you. The goblin closely misses you. x2
You hit the goblin. Your grab misses the goblin.
Your squeeze misses the goblin.
The goblin is severely wounded.
You barely miss the goblin. The goblin barely misses you.
The goblin hits you with a +0 club.
You die...

#.# ### #.#... # #.##########
#.#.#.### ..# ##...##.....#
#...#...#####...#
#..<........####.#####(..g....$.
#.##.##........#...#...)g)g.....
.....##............#)#.....J..g.
#.#####.....##.##....#######...#
#.#####.###.##.##g.#.# g.#
#.......###.##..@g...# #
#######.......###..### #
#.###.#.###..#
#######.###........#
#...............>..#
....##..##.##.######
#.#.##..##.##.# #.#....†......#
#.####..#####.#


You could see 2 goblins.

Vanquished Creatures
  Robin (D:2)
  2 dart slugs (D:1)
  4 ball pythons
  5 endoplasms
  4 giant cockroaches (D:1)
  10 goblins
  2 hobgoblins (D:1)
  3 quokkas (D:1)
  A bat (D:1)
  2 frilled lizards (D:1)
  A kobold (D:1)
  2 rats
37 creatures vanquished.

Notes
Turn   | Place    | Note
-------+----------+-------------------------------------------
     0 | D:1      | Sabo the Octopode Conjurer began the quest for the Orb.
     0 | D:1      | Reached XP level 1. HP: 11/11 MP: 3/3
   237 | D:1      | Reached XP level 2. HP: 17/17 MP: 0/5
   871 | D:1      | Reached XP level 3. HP: 7/21 MP: 2/6
   932 | D:1      | Learned a level 2 spell: Searing Ray
  2284 | D:2      | Noticed Robin
  2289 | D:2      | Killed Robin
  2290 | D:2      | Reached skill level 5 in Conjurations
  2306 | D:2      | Reached XP level 4. HP: 6/27 MP: 0/7
  2308 | D:2      | Slain by a goblin

Illustrated notes

Levels and vault maps discovered:
D:1:      kilobyte_arrival_exit_the_forest, layout_basic,
          minmay_stone_trees_medium, hangedman_abyss_or_decor_lesser_grid,
          minivault_5
D:2:      layout_loops_cross, uniq_robin, uniq_sigmund, uniq_natasha

Skill      XL: |  1  2  3 |
---------------+----------+-----
Conjurations   | 5 |  5.1
Axes           | |  0.3
Dodging        | |  2.1
Stealth        | |  2.8
Spellcasting   | |  2.3

Action                   |  1- 3 |  4- 6 || total
-------------------------+-------+-------++-------
Melee: Unarmed           |     2 |       ||     2
       Constrict         |     5 |       ||     5
       War axe           |    17 |     2 ||    19
       Tentacles         |     6 |       ||     6
 Cast: Magic Dart        |    24 |       ||    24
       Searing Ray       |    17 |       ||    17
  Use: Scroll            |     1 |       ||     1
Armor: Skin              |     3 |       ||     3
Dodge: Dodged            |    19 |     6 ||    25

Table legend: (Time is in decaauts)
 A = Elapsed time spent in this place.
 B = Non-inter-level travel time spent in this place.
 C = Inter-level travel time spent in this place.
 D = Time resting spent in this place.
 E = Time spent auto-exploring this place.
 F = Levels seen in this place.
 G = Mean time per level.
                   A        B        C        D        E       F      G
               +--------+--------+--------+--------+--------+-----+--------+
         Total |   2316 |   2316 |      0 |    837 |      0 |   2 | 1158.0 |
       Dungeon |   2316 |   2316 |      0 |    837 |      0 |   2 | 1158.0 |
               +--------+--------+--------+--------+--------+-----+--------+

Top non-repeatable levels by time:
     D:1: 2045 daAuts
     D:2: 271 daAuts
